 Dungeon Crawl Stone Soup version 0.31-a0-1009-g454b1f1e0a (webtiles) character file.

Game seed: 6296922280156373985

13713 Gynju the Fighter (level 12, -2/86 HPs)
             Began as a Gargoyle Fighter on Nov 14, 2023.
             Was an Elder of the Shining One.
             Slain by a boulder beetle (4 damage)
             ... on level 11 of the Dungeon.
             The game lasted 00:17:13 (10071 turns).

Gynju the Fighter (Gargoyle Fighter)               Turns: 10071, Time: 00:17:14

Health: -2/86      AC: 27    Str: 30    XL:     12   Next: 8%
Magic:  14/14      EV:  6    Int:  9    God:    the Shining One [****..]
Gold:   952        SH: 15    Dex: 11    Spells: 11/11 levels left

rFire   . . .        e - +2 flail (holy)
rCold   . . .        u - +0 kite shield
rNeg    + + +        v - +0 plate armour
rPois   ∞            (no helmet)
rElec   +            x - +1 cloak
rCorr   .            q - +0 pair of gloves "Wijuekha" {Dex+2}
SInv    .            (no boots)
Will    +....        (no amulet) Stlth
                     h - +4 ring of protection
HPRegen 0.34/turn    C - ring of Paranoia {Will+ Str+5}
MPRegen 0.14/turn

%: no passive effects
@: divinely shielded, glowing
A: sickness immunity, AC +8, negative energy resistance 1, electricity
resistance, torment resistance 1, petrification resistance
a: Renounce Religion, Divine Shield, Cleansing Flame


You were on level 11 of the Dungeon.
You worshipped the Shining One.
The Shining One was greatly pleased with you.
You visited 3 branches of the dungeon, and saw 14 of its levels.

You collected 1067 gold pieces.
You spent 115 gold pieces at shops.

Inventory:

Hand Weapons
 d - a +3 heavy dire flail
 e - a +2 flail of holy wrath (weapon)
Missiles
 H - 2 throwing nets
Armour
 q - the +0 pair of gloves "Wijuekha" (worn) {Dex+2}
   (You found it on level 2 of the Dungeon)

   Dex+2:     It affects your dexterity (+2).
 u - a +0 kite shield (worn)
 v - a +0 plate armour (worn)
 x - a +1 cloak (worn)
Jewellery
 c - a ring of flight
 h - a +4 ring of protection (left hand)
 i - a +4 ring of protection
 w - a ring of ice
 C - the ring of Paranoia (right hand) {Will+ Str+5}
   (You bought it in a shop on level 6 of the Dungeon)

   [ring of willpower]

   Str+5:     It affects your strength (+5).
   Will+:     It increases your willpower.
 E - a +4 ring of protection
Wands
 m - a wand of mindburst (23)
 n - a wand of iceblast (6)
 D - a wand of light (16)
 G - a wand of digging (6)
Scrolls
 b - 3 scrolls of teleportation
 g - a scroll of torment
 o - 3 scrolls of fear
 p - a scroll of identify {@r1}
 s - a scroll of fog {unknown}
 y - a scroll of enchant armour
 B - a scroll of summoning
Potions
 f - 4 potions of curing {@q1}
 j - a potion of attraction
 k - 3 potions of magic
 l - 2 potions of invisibility
 r - 3 potions of degeneration
 t - a potion of ambrosia
 z - 3 potions of berserk rage
 A - a potion of heal wounds {unknown}
 F - a potion of enlightenment {unknown}


   Skills:
 + Level 14.7 Fighting
 + Level 13.4 Maces & Flails
 - Level 3.2 Armour
 - Level 3.2 Shields
 + Level 3.8 Invocations


You had 11 spell levels left.
You didn't know any spells.
Your spell library contained the following spells:

 Spells                   Type           Power      Damage    Failure   Level
 Lesser Beckoning         Tloc           0%         N/A       100%        2
 Gell's Gravitas          Tloc           0%         N/A       100%        3
 Hailstorm                Conj/Ice       0%         3d3       100%        3
 Stone Arrow              Conj/Erth      0%         3d7       100%        3
 Teleport Other           Tloc           0%         N/A       100%        3
 Animate Armour           Summ/Erth      0%         N/A       100%        4
 Leda's Liquefaction      Hex/Erth       0%         N/A       100%        4
 Petrify                  Tmut/Erth      0%         N/A       100%        4
 Irradiate                Conj/Tmut      0%         3d11      100%        5
 Lee's Rapid Deconstruct  Erth           0%         3d4*      100%        5
 Bombard                  Conj/Erth      0%         9d1       100%        6
 Starburst                Conj/Fire      0%         6d3       100%        6
 Lehudib's Crystal Spear  Conj/Erth      0%         10d2      100%        8
 Sublimation of Blood     Necr           Unusable   N/A       N/A         2

Dungeon Overview and Level Annotations

Branches:
Dungeon (11/15)            Temple (1/1) D:5            Lair (0/5) D:11
    Orc (2/2) D:10
    Elf: Orc:2

Altars:
Ashenzari
Cheibriados
Dithmenos
Elyvilon
Fedhas
Gozag
Hepliaklqana
Kikubaaqudgha
Makhleb
Nemelex Xobeh
Okawaru
Qazlal
Ru
Sif Muna
Trog
Uskayaw
Vehumet
Wu Jian
Xom
Yredelemnul
Zin
The Shining One

Shops:
D:2 (   D:5 *   D:6 *   D:11 [


Innate Abilities, Weirdness & Mutations

You are immune to sickness and miasma.
Your stone body is resilient. (AC +8)
You are immune to poison.
You resist negative energy. (rN+)
You are resistant to electric shocks. (rElec)
You are resistant to unholy torment.
You are immune to petrification.


Message History

You hit the boulder beetle but do no damage.
The boulder beetle is lightly wounded.
The boulder beetle bites you!
You sock the boulder beetle!
The boulder beetle is lightly wounded.
The boulder beetle bites you but does no damage.
You hit the boulder beetle but do no damage.
The boulder beetle is lightly wounded.
You sock the boulder beetle!
The boulder beetle is moderately wounded.
You block the boulder beetle's attack.
You hit the boulder beetle but do no damage.
The boulder beetle is moderately wounded.
You block the boulder beetle's attack.
You hit the boulder beetle.
The boulder beetle is moderately wounded.
The boulder beetle leaps!
The boulder beetle curls into a ball and begins rolling!
You sock the boulder beetle!
The boulder beetle is moderately wounded.
The boulder beetle hits you!!
* * * LOW HITPOINT WARNING * * *
The boulder beetle stops rolling and uncurls.
You hit the boulder beetle.
The boulder beetle is heavily wounded.
You block the boulder beetle's attack.
You hit the boulder beetle but do no damage.
The boulder beetle is moderately wounded.
You block the boulder beetle's attack.
You hit the boulder beetle but do no damage.
The boulder beetle is moderately wounded.
The boulder beetle bites you!
* * * LOW HITPOINT WARNING * * *
You hit the boulder beetle.
The boulder beetle is heavily wounded.
You block the boulder beetle's attack.
You hit the boulder beetle but do no damage.
The boulder beetle is heavily wounded.
The boulder beetle bites you.
You die...

### #...~≈≈~.#.......<....# #
#..≈≈≈≈~.#............#
#########.~~≈≈≈≈.#............#
. ..#.......~~~~.#............#
.##.#.###....~...# ##...#
###.#.###........#####...##
.##......####...........##
..#.#.##...##........##.#
...##.####......@B...##.#
...'......#..........##..
P..######...>........##### ..##
#..##........# .##
#..##........# ##
#..#############
#..............#
#.############.#
#......##......#


You could see a boulder beetle.

Vanquished Creatures
  A boulder beetle (D:11)
  A two-headed ogre (D:9)
  Urug (D:10)
  Nergalle (D:9)
  An orc sorcerer (Orc:1)
  An elephant (D:11)
  A gargoyle (D:9)
  2 kobold demonologists (D:9)
  A troll (D:9)
  Sigmund (D:2)
  2 shadows
  5 wyverns
  4 wraiths
  5 yaks
  Grum (D:10)
  2 basilisks (D:11)
  4 vampire mosquitoes (D:10)
  2 steam dragons
  Edmund (D:4)
  An acid dragon (D:9)
  A water moccasin (D:5)
  9 orc warriors
  An ice beast (D:6)
  A sky beast (D:7)
  A black bear (D:5)
  4 ogres
  2 wolves
  6 centaurs (D:9)
  A phantom (D:5)
  7 kobold brigands
  3 bullfrogs
  2 gnoll sergeants (D:9)
  A scorpion (D:6)
  12 wights
  18 killer bees
  3 howler monkeys
  A hound (D:7)
  3 jellies
  10 orc priests
  A sleepcap (D:4)
  11 orc wizards
  Natasha (thrice) (D:2)
  Terence (D:2)
  3 gnolls (D:4)
  10 adders
  2 shadow imps
  2 ufetubi (D:5)
  A dart slug (D:1)
  68 orcs
  9 ball pythons
  7 endoplasms
  4 giant cockroaches
  6 hobgoblins
  7 jackals
  21 kobolds
  3 quokkas
  6 bats
  4 frilled lizards
  4 goblins
  11 rats
308 creatures vanquished.

Notes
Turn   | Place    | Note
-------+----------+-------------------------------------------
     0 | D:1      | Gynju the Gargoyle Fighter began the quest for the Orb.
     0 | D:1      | Reached XP level 1. HP: 14/14 MP: 1/1
    94 | D:1      | Reached XP level 2. HP: 16/19 MP: 2/2
   541 | D:1      | Reached XP level 3. HP: 21/24 MP: 3/3
   588 | D:1      | Reached skill level 4 in Fighting
  1034 | D:2      | Found Uzohaor's Weapon Shop.
  1089 | D:2      | Noticed Natasha
  1104 | D:2      | Killed Natasha
  1223 | D:2      | Reached XP level 4. HP: 28/30 MP: 4/4
  1267 | D:2      | Noticed Natasha
  1277 | D:2      | Killed Natasha
  1302 | D:2      | Noticed Sigmund
  1415 | D:2      | Killed Sigmund
  1416 | D:2      | Reached skill level 5 in Fighting
  1416 | D:2      | Reached XP level 5. HP: 36/36 MP: 5/5
  1416 | D:2      | Reached XP level 6. HP: 41/41 MP: 6/6
  1489 | D:2      | Identified the +0 pair of gloves "Wijuekha" {Dex+2}
  1519 | D:2      | Noticed Natasha
  1532 | D:2      | HP: 1/41 [Natasha (4)]
  1533 | D:2      | Killed Natasha
  1774 | D:2      | Noticed Terence
  1784 | D:2      | Killed Terence
  2225 | D:3      | Reached skill level 6 in Fighting
  2269 | D:3      | Found a faded altar of an unknown god.
  2312 | D:3      | Reached skill level 5 in Maces & Flails
  2852 | D:4      | Noticed Edmund
  2865 | D:4      | Killed Edmund
  2866 | D:4      | Reached XP level 7. HP: 34/47 MP: 7/7
  3378 | D:4      | Found a hazy altar of Hepliaklqana.
  3469 | D:4      | Reached skill level 7 in Fighting
  3751 | D:5      | Identified the "Jixy Tuc"
  3751 | D:5      | Entered Level 5 of the Dungeon
  3766 | D:5      | Found a shadowy altar of Dithmenos.
  3910 | D:5      | Found a staircase to the Ecumenical Temple.
  4024 | D:5      | Reached XP level 8. HP: 53/54 MP: 8/8
  4071 | Temple   | Entered the Ecumenical Temple
  4144 | Temple   | Became a worshipper of the Shining One
  4324 | D:5      | Found Gaptuige's Assorted Antiques.
  4329 | D:5      | Found a bloodstained altar of Trog.
  4416 | D:5      | Reached skill level 8 in Fighting
  4453 | D:5      | Found the +7 Throatcutter {drain, coup de grace}
  4889 | D:6      | Reached skill level 9 in Fighting
  5159 | D:6      | Found Novvaqul's Assorted Antiques.
  5163 | D:6      | Bought a wavering steel ring for 115 gold pieces
  5163 | D:6      | Identified the ring of Paranoia {Will+ Str+5} (You bought
                  | it in a shop on level 6 of the Dungeon)
  5409 | D:7      | Reached XP level 9. HP: 60/60 MP: 9/9
  5700 | D:7      | Reached skill level 10 in Fighting
  5879 | D:7      | Found a hide-covered altar of Uskayaw.
  6119 | D:8      | Found an iron altar of Okawaru.
  6140 | D:8      | Reached * piety under the Shining One
  6311 | D:8      | Reached skill level 11 in Fighting
  6394 | D:8      | Reached skill level 10 in Maces & Flails
  6394 | D:8      | Reached XP level 10. HP: 52/69 MP: 10/10
  6742 | D:9      | Reached ** piety under the Shining One
  6935 | D:9      | Noticed a two-headed ogre
  6940 | D:9      | Killed a two-headed ogre
  6941 | D:9      | Reached skill level 12 in Fighting
  7559 | D:9      | Reached skill level 13 in Fighting
  7559 | D:9      | Reached XP level 11. HP: 67/78 MP: 11/11
  7939 | D:10     | Entered Level 10 of the Dungeon
  7975 | D:10     | Noticed Grum
  7994 | D:10     | Reached *** piety under the Shining One
  7995 | D:10     | Killed Grum
  8151 | D:10     | Noticed Nergalle
  8313 | D:9      | Killed Nergalle
  8352 | D:9      | Reached skill level 14 in Fighting
  8355 | D:9      | HP: 3/80 [orc/+0 whip (3)]
  8690 | D:10     | Noticed Urug
  8705 | D:10     | Killed Urug
  8816 | D:10     | Found a blossoming altar of Fedhas.
  9016 | D:10     | Found a staircase to the Orcish Mines.
  9289 | Orc:1    | Entered Level 1 of the Orcish Mines
  9309 | Orc:1    | Noticed an orc sorcerer
  9325 | Orc:1    | Killed an orc sorcerer
  9326 | Orc:1    | Reached skill level 1 in Invocations
  9659 | Orc:2    | Entered Level 2 of the Orcish Mines
  9773 | D:11     | Reached **** piety under the Shining One
  9784 | D:11     | Found Kakaw's Armour Emporium.
  9831 | D:11     | Found a staircase to the Lair.
  9855 | D:11     | Reached XP level 12. HP: 62/86 MP: 14/14
 10027 | D:11     | Noticed a boulder beetle
 10045 | D:11     | Noticed a boulder beetle
 10048 | D:11     | Killed a boulder beetle
 10069 | D:11     | HP: 2/86 [boulder beetle (16)]
 10071 | D:11     | Slain by a boulder beetle

Illustrated notes

Levels and vault maps discovered:
D:1:      lightli_arrival_statuegarden, layout_loops_corners
D:2:      layout_basic, serial_shops, shop, minmay_pentomino_v4, uniq_natasha,
          uniq_terence, uniq_sigmund
D:3:      layout_basic, shapermc_ecumenical_altar_hornbeckon
D:4:      layout_gridville, mainiacjoe_overflow_boulevard, st_stairs_13,
          grunt_decor_arrowhead, uniq_edmund
D:5:      layout_basic, grunt_dithmenos_smoke_and_mirrors,
          amcnicky_altar_gilded, minmay_temple_entry_statues_pillars,
          serial_shops, shop, dilly_guarded_unrand_throatcut
D:6:      layout_loops_ring, serial_shops, shop
D:7:      layout_rooms, lemuel_coloured_pillars_altar
D:8:      layout_rooms, okawaru_trees_2
D:9:      minmay_s_stair_smasher, layout_irregular_city
D:10:     layout_cave_pools, mainiacjoe_overflow_six_doors_small,
          hiddenorc2_lemuel, uniq_nergalle, uniq_grum, uniq_urug
D:11:     layout_basic, david_lair_generic, serial_shops, nicolae_shop_stone,
          ebering_ghost_inner_flame
Temple:   minmay_temple_bridge_d
Orc:1:    layout_diamond_mine, mines2_lemuel
Orc:2:    kennysheep_orc_mage_school, layout_diamond_mine, basic_altar,
          guppyfry_orc_lava_fort

Skill      XL: |  1  2  3  4  5  6  7  8  9 10 11 |
---------------+----------------------------------+-----
Fighting       | 4 5 6 7 9 11 13 14 | 14.7
Maces & Flails | 3 4 5 6 8 10 11 13 | 13.4
Invocations    | 3 |  3.8
Armour         | |  3.2
Shields        | |  3.2

Action                     |  1- 3 |  4- 6 |  7- 9 | 10-12 || total
---------------------------+-------+-------+-------+-------++-------
  Melee: Flail             |   105 |   120 |       |   200 ||   425
         Unarmed           |       |    11 |       |       ||    11
         Dire flail        |       |       |   216 |   155 ||   371
 Invoke: Divine Shield     |       |       |       |     1 ||     1
  Evoke: Wand              |       |     5 |       |       ||     5
    Use: Potion            |       |     1 |       |     2 ||     3
         Scroll            |       |       |       |    16 ||    16
 Armour: Scale mail        |    88 |   133 |       |       ||   221
         Skin              |       |    10 |       |       ||    10
         Plate armour      |       |     4 |   298 |   519 ||   821
  Dodge: Dodged            |    55 |    81 |   106 |   167 ||   409
  Block: Buckler           |    19 |    43 |       |    17 ||    79
         Kite shield       |       |       |       |    67 ||    67

Table legend: (Time is in decaauts)
 A = Elapsed time spent in this place.
 B = Non-inter-level travel time spent in this place.
 C = Inter-level travel time spent in this place.
 D = Time resting spent in this place.
 E = Time spent auto-exploring this place.
 F = Levels seen in this place.
 G = Mean time per level.
                   A        B        C        D        E       F      G
               +--------+--------+--------+--------+--------+-----+--------+
         Total |  10271 |   9603 |    668 |    484 |   6922 |  14 |  733.6 |
       Dungeon |   9733 |   9208 |    525 |    403 |   6771 |  11 |  884.8 |
        Temple |    146 |      3 |    143 |      0 |      0 |   1 |  146.0 |
  Orcish Mines |    390 |    390 |      0 |     81 |    151 |   2 |  195.0 |
               +--------+--------+--------+--------+--------+-----+--------+

Top non-repeatable levels by time:
     D:9: 1856 daAuts
     D:2: 1189 daAuts
     D:4: 987 daAuts
     D:1: 940 daAuts
     D:5: 934 daAuts
    D:10: 931 daAuts
     D:3: 760 daAuts
     D:7: 661 daAuts
     D:6: 600 daAuts
     D:8: 550 daAuts
   Orc:1: 385 daAuts
    D:11: 320 daAuts
  Temple: 146 daAuts
   Orc:2: 5 daAuts
